MWL (24 & UNDER)
PLUMSTEAD EAGLES @ MANHATTEN MEATHEADS
08/11/2028
 
TOP OF THE 1ST
Plumstead Eagles batting - Pitching for Manhatten Meatheads : RHP Juan De Jesús
Pitching: RHP Juan De Jesús
Batting: LHB Dennis McConnell 0-0: Ball
1-0: Ball
2-0: Foul Ball, location: 2F
2-1: Called Strike
2-2: Ball
3-2: Foul Ball, location: 2F
3-2: Base on Balls
Batting: RHB Diego Ledezma 0-0: Swinging Strike
0-1: Ball
1-1: Ball
2-1: Foul Ball, location: 2F
2-2: Strikes out swinging
Batting: LHB Roberto Rodríguez 0-0: Ball
1-0: Ball
2-0: Ball
Dennis McConnell steals 2nd base
3-0: Base on Balls
Batting: LHB Ryan Flynn 0-0: Ball
1-0: Ball
2-0: Called Strike
2-1: Swinging Strike
2-2: Ball
3-2: Foul Ball, location: 2F
3-2: Strikes out swinging
Batting: RHB Rob Brady 0-0: Ball
1-0: Ball
2-0: Fly out, F8 (Flyball, 8LS)
Top of the 1st over - 0 run(s), 0 hit(s), 0 error(s), 2 left on base; Plumstead 0 - Manhatten 0
BOTTOM OF THE 1ST
Manhatten Meatheads batting - Pitching for Plumstead Eagles : RHP Paul Orr
Pitching: RHP Paul Orr
Batting: RHB Luis Reynoso 0-0: Called Strike
0-1: DOUBLE (Line Drive, 7LM)
Batting: LHB Manuel Ortega 0-0: Called Strike
0-1: Swinging Strike
0-2: Ball
1-2: Ball
2-2: Ground out 6-3 (Groundball, 6)
Luis Reynoso to third
Batting: RHB Ramiro Santana 0-0: Called Strike
0-1: Ball
1-1: Ground out 6-3 (Groundball, 6)
Luis Reynoso scores
Batting: RHB George Green 0-0: Called Strike
0-1: Called Strike
0-2: Ball
1-2: Fly out, F9 (Flyball, 89M)
Bottom of the 1st over - 1 run(s), 1 hit(s), 0 error(s), 0 left on base; Plumstead 0 - Manhatten 1
TOP OF THE 2ND
Plumstead Eagles batting - Pitching for Manhatten Meatheads : RHP Juan De Jesús
Batting: RHB Wilson Durán 0-0: Ground out 5-3 (Groundball, 56S)
Batting: RHB Carlos Palomón 0-0: Called Strike
0-1: Ball
1-1: Fly out, F9 (Flyball, 9LS)
Batting: RHB Matt Thompson 0-0: Called Strike
0-1: Ball
1-1: Swinging Strike
1-2: Ball
2-2: Strikes out looking
Top of the 2nd over - 0 run(s), 0 hit(s), 0 error(s), 0 left on base; Plumstead 0 - Manhatten 1
BOTTOM OF THE 2ND
Manhatten Meatheads batting - Pitching for Plumstead Eagles : RHP Paul Orr
Batting: LHB Brent Haynes 0-0: Called Strike
0-1: Ball
1-1: Ball
2-1: SINGLE (Line Drive, 78S)
Batting: RHB José Esparza 0-0: Called Strike
0-1: Ball
1-1: Ball
2-1: SINGLE (Groundball, 56S) (infield hit)
Brent Haynes to second
Batting: LHB Eric Dillard 0-0: Foul Ball, location: 2F
0-1: Foul Ball, location: 2F
0-2: Ball
1-2: Strikes out looking
Batting: RHB Tim Bonner 0-0: Swinging Strike
0-1: Ball
1-1: Foul Ball, location: 2F
1-2: Grounds into double play, 4-6-3 (Groundball, 4)
Bottom of the 2nd over - 0 run(s), 2 hit(s), 0 error(s), 1 left on base; Plumstead 0 - Manhatten 1
TOP OF THE 3RD
Plumstead Eagles batting - Pitching for Manhatten Meatheads : RHP Juan De Jesús
Batting: RHB Lúcio Alfaro 0-0: Ball
1-0: SINGLE (Line Drive, 34D)
Batting: LHB Dennis McConnell 0-0: Ball
1-0: Called Strike
1-1: Swinging Strike
1-2: Foul Ball, location: 2F
1-2: Strikes out looking
Batting: RHB Diego Ledezma 0-0: Called Strike
Lúcio Alfaro is caught stealing 2nd base
0-1: Foul Ball, location: 2F
0-2: Strikes out looking
Top of the 3rd over - 0 run(s), 1 hit(s), 0 error(s), 0 left on base; Plumstead 0 - Manhatten 1
BOTTOM OF THE 3RD
Manhatten Meatheads batting - Pitching for Plumstead Eagles : RHP Paul Orr
Batting: SHB León Glaviz 0-0: Ball
1-0: Ball
2-0: Ball
3-0: Base on Balls
Batting: RHB Luis Reynoso 0-0: Fielders Choice at 2nd, 4-6 (Groundball, 34)
Batting: LHB Manuel Ortega 0-0: Called Strike
Luis Reynoso steals 2nd base
0-1: SINGLE (Line Drive, 89M)
Luis Reynoso to third
Runner from 3rd tries for Home, SAFE, no throw
Batting: RHB Ramiro Santana 0-0: Called Strike
0-1: Ball
1-1: Ball
2-1: Fielders Choice at 2nd, 5-4 (Groundball, 5L)
Batting: RHB George Green 0-0: Ball
1-0: Called Strike
1-1: Ball
2-1: Foul Ball, location: 2F
2-2: Reached on error, E7 (Line Drive, 7)
Ramiro Santana to third
Batting: LHB Brent Haynes 0-0: Ball
1-0: Called Strike
1-1: Fly out, F7 (Line Drive, 7LD)
Bottom of the 3rd over - 1 run(s), 1 hit(s), 1 error(s), 2 left on base; Plumstead 0 - Manhatten 2
TOP OF THE 4TH
Plumstead Eagles batting - Pitching for Manhatten Meatheads : RHP Juan De Jesús
Batting: LHB Roberto Rodríguez 0-0: Called Strike
0-1: Foul Ball, location: 2F
0-2: Hit by Pitch
Batting: LHB Ryan Flynn 0-0: Ball
1-0: Called Strike
Roberto Rodríguez is caught stealing 2nd base
1-1: Ball
2-1: Ball
3-1: Base on Balls
Batting: RHB Rob Brady 0-0: Called Strike
0-1: Foul Ball, location: 2F
0-2: Ball
1-2: Strikes out swinging
Batting: RHB Wilson Durán 0-0: Ball
Pickoff Throw to First - Error! E1
Ryan Flynn to second
1-0: Ball
2-0: Ball
3-0: Called Strike
3-1: Foul Ball, location: 2F
3-2: Base on Balls
Batting: RHB Carlos Palomón 0-0: Ball
1-0: Called Strike
1-1: Swinging Strike
1-2: Strikes out swinging
Top of the 4th over - 0 run(s), 0 hit(s), 1 error(s), 2 left on base; Plumstead 0 - Manhatten 2
BOTTOM OF THE 4TH
Manhatten Meatheads batting - Pitching for Plumstead Eagles : RHP Paul Orr
Batting: RHB José Esparza 0-0: Called Strike
0-1: Ball
1-1: Swinging Strike
1-2: Ground out 6-3 (Groundball, 6MD)
Batting: LHB Eric Dillard 0-0: Called Strike
0-1: Foul Ball, location: 2F
0-2: Fly out, F7 (Flyball, 78M)
Batting: RHB Tim Bonner 0-0: Called Strike
0-1: Fly out, F8 (Flyball, 8LM)
Bottom of the 4th over - 0 run(s), 0 hit(s), 0 error(s), 0 left on base; Plumstead 0 - Manhatten 2
TOP OF THE 5TH
Plumstead Eagles batting - Pitching for Manhatten Meatheads : RHP Juan De Jesús
Batting: RHB Matt Thompson 0-0: Called Strike
0-1: Ball
1-1: Called Strike
1-2: Ball
2-2: Foul Ball, location: 2F
2-2: Ground out 1-3 (Groundball, P)
Batting: RHB Lúcio Alfaro 0-0: Called Strike
0-1: Swinging Strike
0-2: Strikes out swinging
Batting: LHB Dennis McConnell 0-0: Ball
1-0: Ball
2-0: Called Strike
2-1: Ball
3-1: Called Strike
3-2: SOLO HOME RUN (Flyball, 89XD), Distance : 392 ft
Batting: RHB Diego Ledezma 0-0: Ball
1-0: Ball
2-0: Swinging Strike
2-1: Foul Ball, location: 2F
2-2: Foul Ball, location: 2F
2-2: Strikes out swinging
Top of the 5th over - 1 run(s), 1 hit(s), 0 error(s), 0 left on base; Plumstead 1 - Manhatten 2
BOTTOM OF THE 5TH
Manhatten Meatheads batting - Pitching for Plumstead Eagles : RHP Paul Orr
Batting: SHB León Glaviz 0-0: Called Strike
0-1: Foul Ball, location: 2F
0-2: Ball
1-2: Ground out 6-3 (Groundball, 6S)
Batting: RHB Luis Reynoso 0-0: Called Strike
0-1: Called Strike
0-2: Ball
1-2: DOUBLE (Line Drive, 78D)
Batting: LHB Manuel Ortega 0-0: Ball
Throwing error on steal attempt, E2
Luis Reynoso scores
1-0: Foul Ball, location: 2F
1-1: Called Strike
1-2: Strikes out looking
Batting: RHB Ramiro Santana 0-0: Ball
1-0: Swinging Strike
1-1: Swinging Strike
1-2: Ball
2-2: Ground out 1-3 (Groundball, P)
Bottom of the 5th over - 1 run(s), 1 hit(s), 1 error(s), 0 left on base; Plumstead 1 - Manhatten 3
TOP OF THE 6TH
Plumstead Eagles batting - Pitching for Manhatten Meatheads : RHP Juan De Jesús
Pitching: LHP Donald Joseph
Batting: LHB Roberto Rodríguez 0-0: Ball
1-0: Ball
2-0: Foul Ball, location: 2F
2-1: Ball
3-1: Swinging Strike
3-2: Foul Ball, location: 2F
3-2: SINGLE (Line Drive, 9LS)
Batting: LHB Ryan Flynn 0-0: Swinging Strike
0-1: Ball
1-1: Called Strike
1-2: Strikes out swinging
Batting: RHB Rob Brady 0-0: Ball
1-0: Ball
2-0: Called Strike
2-1: Called Strike
2-2: Strikes out swinging
Batting: RHB Wilson Durán 0-0: Foul Ball, location: 2F
0-1: Swinging Strike
0-2: Ball
Roberto Rodríguez is caught stealing 2nd base
Top of the 6th over - 0 run(s), 1 hit(s), 0 error(s), 0 left on base; Plumstead 1 - Manhatten 3
BOTTOM OF THE 6TH
Manhatten Meatheads batting - Pitching for Plumstead Eagles : RHP Paul Orr
Batting: RHB George Green 0-0: Ball
1-0: Called Strike
1-1: Foul Ball, location: 2F
1-2: Ball
2-2: Foul Ball, location: 2F
2-2: Foul Ball, location: 2F
2-2: Foul Ball, location: 2F
2-2: Strikes out looking
Batting: LHB Brent Haynes 0-0: Ball
1-0: Called Strike
1-1: Ball
2-1: Ball
3-1: Base on Balls
Pitching: LHP Jorge Torres
Batting: RHB José Esparza 0-0: Fly out, F7 (Flyball, 78D)
Batting: LHB Eric Dillard 0-0: Ball
1-0: Foul Ball, location: 2F
1-1: Called Strike
1-2: Ball
2-2: Ground out 3-1 (Groundball, 34)
Bottom of the 6th over - 0 run(s), 0 hit(s), 0 error(s), 1 left on base; Plumstead 1 - Manhatten 3
TOP OF THE 7TH
Plumstead Eagles batting - Pitching for Manhatten Meatheads : LHP Donald Joseph
Batting: RHB Wilson Durán 0-0: Ball
1-0: SINGLE (Line Drive, 7S)
Batting: RHB Carlos Palomón 0-0: Called Strike
0-1: Ball
1-1: Bunt - Flyout! F1
Batting: RHB Matt Thompson 0-0: Called Strike
0-1: Ball
1-1: Grounds into double play, 5-4-3 (Groundball, 56)
Top of the 7th over - 0 run(s), 1 hit(s), 0 error(s), 0 left on base; Plumstead 1 - Manhatten 3
BOTTOM OF THE 7TH
Manhatten Meatheads batting - Pitching for Plumstead Eagles : LHP Jorge Torres
Batting: RHB Tim Bonner 0-0: Ball
1-0: Ground out 6-3 (Groundball, 56)
Batting: SHB León Glaviz 0-0: Ball
1-0: Ground out 5-3 (Groundball, 5)
Batting: RHB Luis Reynoso 0-0: Foul Ball, location: 2F
0-1: Ground out 6-3 (Groundball, 6)
Bottom of the 7th over - 0 run(s), 0 hit(s), 0 error(s), 0 left on base; Plumstead 1 - Manhatten 3
TOP OF THE 8TH
Plumstead Eagles batting - Pitching for Manhatten Meatheads : LHP Donald Joseph
Now at 1B: Lúcio Sánchez
Batting: RHB Lúcio Alfaro 0-0: Ball
1-0: Swinging Strike
1-1: Called Strike
1-2: Strikes out looking
Batting: LHB Dennis McConnell 0-0: Ball
1-0: Ground out 4-3 (Groundball, 4S)
Batting: RHB Diego Ledezma 0-0: Called Strike
0-1: Swinging Strike
0-2: Strikes out looking
Top of the 8th over - 0 run(s), 0 hit(s), 0 error(s), 0 left on base; Plumstead 1 - Manhatten 3
BOTTOM OF THE 8TH
Manhatten Meatheads batting - Pitching for Plumstead Eagles : LHP Jorge Torres
Batting: LHB Manuel Ortega 0-0: Ball
1-0: Fly out, F9 (Flyball, 9)
Batting: RHB Ramiro Santana 0-0: Called Strike
0-1: Ball
1-1: Called Strike
1-2: Strikes out swinging
Batting: RHB George Green 0-0: Called Strike
0-1: Foul Ball, location: 2F
0-2: Fly out, F7 (Flyball, 7S)
Bottom of the 8th over - 0 run(s), 0 hit(s), 0 error(s), 0 left on base; Plumstead 1 - Manhatten 3
TOP OF THE 9TH
Plumstead Eagles batting - Pitching for Manhatten Meatheads : LHP Donald Joseph
Pitching: RHP Ricardo Montero
Now at 3B: Hidalgo García
Batting: LHB Roberto Rodríguez 0-0: SINGLE (Groundball, 4D)
Batting: LHB Ryan Flynn 0-0: Ball
1-0: Ball
2-0: Ball
3-0: Called Strike
3-1: Base on Balls
Roberto Rodríguez to second
Batting: RHB Rob Brady 0-0: Called Strike
0-1: Ball
1-1: Ball
2-1: Ball
3-1: Swinging Strike
3-2: SINGLE (Groundball, 56D)
Roberto Rodríguez to third
Ryan Flynn to second
Runner from 3rd tries for Home, SAFE, no throw
Pinch Hitting: RHB Kolomon Meise 0-0: Called Strike
0-1: Called Strike
0-2: Foul Ball, location: 2F
0-2: Ball
1-2: Strikes out swinging
Pinch Hitting: SHB Travis Martin 0-0: Called Strike
0-1: Foul Ball, location: 2F
0-2: Ball
1-2: Ball
2-2: Foul Ball, location: 2F
2-2: Ground out U3 (Groundball, 3S)
Ryan Flynn to third
Rob Brady to second
Batting: RHB Matt Thompson 0-0: Ball
1-0: Foul Ball, location: 2F
1-1: Swinging Strike
1-2: Strikes out swinging
Top of the 9th over - 1 run(s), 2 hit(s), 0 error(s), 2 left on base; Plumstead 2 - Manhatten 3
Tuesday, August 8th, 2017 - OOTP Baseball 17.12 Build 75